 Dungeon Crawl Stone Soup version 0.31-a0-152-g6aa68a64a1 (webtiles) character file.

Game seed: 8660988068448589293

66 pokeman the Magician (level 3, 0/20 HPs)
             Began as a Deep Elf Hedge Wizard on June 9, 2023.
             Slain by a gnoll
             ... wielding a +0 spear
              (1 damage)
             ... on level 2 of the Dungeon.
             The game lasted 00:02:26 (1899 turns).

pokeman the Magician (Deep Elf Hedge Wizard)        Turns: 1899, Time: 00:02:27

Health: 0/20       AC:  5    Str:  7    XL:     3   Next: 96%
Magic:  1/11       EV: 12    Int: 20    God:
Gold:   75         SH:  0    Dex: 22    Spells: 4/12 levels left

rFire   + . .        a - +0 dagger
rCold   . . .        (no shield)
rNeg    . . .        o - +2 leather armour of Ufoc {rF+ Dex+2 Stlth+}
rPois   .            c - +0 hat
rElec   .            (no cloak)
rCorr   .            (no gloves)
SInv    .            (no boots)
Will    .....        (no amulet)
Stlth   +++          e - +6 ring of dexterity
HPRegen 0.23/turn    (no ring)
MPRegen 0.12/turn

%: no passive effects
@: lethally poisoned (0 -> -8), very slightly contaminated
A: no striking features
a: no special abilities


You were on level 2 of the Dungeon.
You visited 1 branch of the dungeon, and saw 2 of its levels.

You collected 75 gold pieces.

Inventory:

Hand Weapons
 a - a +0 dagger (weapon)
Armour
 c - a +0 hat (worn)
 o - the +2 leather armour of Ufoc (worn) {rF+ Dex+2 Stlth+}
   (You found it on level 2 of the Dungeon)

   Dex:       It affects your dexterity (+2).
   rF:        It protects you from fire.
   Stlth:     It makes you more stealthy.
Jewellery
 e - a +6 ring of dexterity (left hand)
Scrolls
 g - 7 scrolls of identify {unknown}
 h - 3 scrolls of immolation {unknown}
 j - a scroll of teleportation {unknown}
 l - a scroll of noise {unknown}
 n - a scroll of brand weapon {unknown}
Potions
 b - a potion of lignification {unknown}
 d - 2 potions of magic
 f - a potion of enlightenment {unknown}
 i - a potion of degeneration {unknown}
 k - a potion of brilliance {unknown}
 m - 2 potions of ambrosia {unknown}


   Skills:
 - Level 1.0 Fighting
 - Level 1.0 Armour
 + Level 2.5 Dodging
 + Level 2.4 Stealth
 * Level 5.4 Spellcasting
 + Level 2.1 Conjurations
 - Level 1.1 Summonings
 - Level 1.1 Translocations


You had 4 spell levels left.
You knew the following spells:

 Your Spells              Type           Power      Damage    Failure   Level
a - Magic Dart            Conj           56%        1d5       7%          1
b - Mephitic Cloud        Conj/Pois/Air  8%         N/A       36%         3
c - Call Imp              Summ           18%        N/A       16%         2
d - Blink                 Tloc           18%        N/A       16%         2

Your spell library contained the following spells:

 Spells                   Type           Power      Damage    Failure   Level
 Slow                     Hex            20%        N/A       16%         1
 Cigotuvi's Dreadful Rot  Necr/Pois/Air  10%        N/A       24%         2


Dungeon Overview and Level Annotations

Branches:
Dungeon (2/15)

Altars:


Message History

Aiming: Mephitic Cloud (astonishingly dangerous; 36% risk of failure)
Press: ? - help, Shift-Dir - straight line, f - gnoll, p - adder
Aim: a gnoll, wielding a +0 spear (chance to affect: 91%)
You miscast Mephitic Cloud.
You are very lightly contaminated with residual magic.
Nothing appears to happen.
The adder misses you.
The gnoll hits you from afar with a +0 spear.
Casting: Mephitic Cloud (astonishingly dangerous; 36% risk of failure)
Confirm with . or Enter, or press ? or * to list all spells.
The spell is astonishingly dangerous to miscast (36% risk of failure)!
Continue anyway?
Aiming: Mephitic Cloud (astonishingly dangerous; 36% risk of failure)
Press: ? - help, Shift-Dir - straight line, f/p - gnoll
Aim: a gnoll, wielding a +0 spear (chance to affect: 91%)
You miscast Mephitic Cloud.
Nothing appears to happen.
The adder bites you. The gnoll barely misses you.
Unknown command.
Casting: Mephitic Cloud (astonishingly dangerous; 36% risk of failure)
Confirm with . or Enter, or press ? or * to list all spells.
The spell is astonishingly dangerous to miscast (36% risk of failure)!
Continue anyway?
Aiming: Mephitic Cloud (astonishingly dangerous; 36% risk of failure)
Press: ? - help, Shift-Dir - straight line, f/p - gnoll
Aim: a gnoll, wielding a +0 spear (chance to affect: 91%)
You miscast Mephitic Cloud.
Nothing appears to happen.
The adder bites you.
You are poisoned.
The adder poisons you! The adder bites you.
* * * LOW HITPOINT WARNING * * *
The gnoll completely misses you.
Unknown command.
Casting: Mephitic Cloud (astonishingly dangerous; 36% risk of failure)
Confirm with . or Enter, or press ? or * to list all spells.
You don't have enough magic to cast this spell.
Unknown command.
You aren't carrying any items that you can evoke.
* * * LOW HITPOINT WARNING * * *
You feel sick. The adder bites you.
* * * LOW HITPOINT WARNING * * *
You are more poisoned.
The adder poisons you!
The gnoll hits you from afar with a +0 spear.
You die...

## ##......##.#
##......##.J ##......##r.
##......##.. ##......##..
##......##r.
##......##.g##
#......###..S###
#+#......###.@.#####
###......###...#.########
###......###.#.......<#
###......#'#.########
###......#.# ###......#
###..#.# ########.#
.........#


You could see a gnoll, an adder and a rat.

Vanquished Creatures
  2 adders (D:2)
  A worm (D:2)
  3 dart slugs
  An endoplasm (D:2)
  2 giant cockroaches
  5 goblins
  6 hobgoblins
  4 kobolds (D:1)
  A quokka (D:1)
  5 ball pythons
  4 bats
  2 frilled lizards
  3 rats
39 creatures vanquished.

Notes
Turn   | Place    | Note
-------+----------+-------------------------------------------
     0 | D:1      | pokeman the Deep Elf Hedge Wizard began the quest for the
                  | Orb.
     0 | D:1      | Reached XP level 1. HP: 10/10 MP: 7/7
   302 | D:1      | Reached XP level 2. HP: 16/16 MP: 6/9
   718 | D:1      | Reached skill level 5 in Spellcasting
  1157 | D:2      | Reached XP level 3. HP: 17/20 MP: 5/11
  1173 | D:2      | Learned a level 3 spell: Mephitic Cloud
  1176 | D:2      | Learned a level 2 spell: Call Imp
  1179 | D:2      | Learned a level 2 spell: Blink
  1475 | D:2      | Found a faded altar of an unknown god.
  1483 | D:2      | Reached skill level 1 in Armour
  1677 | D:2      | Reached skill level 1 in Fighting
  1782 | D:2      | Identified the +2 leather armour of Ufoc {rF+ Dex+2 Stlth+}
  1899 | D:2      | HP: 1/20 [adder (4)]
  1899 | D:2      | Slain by a gnoll

Illustrated notes

Levels and vault maps discovered:
D:1:      lightli_arrival_isolated_outpost, layout_loops_ring,
          minmay_misc_feat_tiny
D:2:      minmay_razor_zed, layout_basic, chequers_ecumenical_altar_simple

Skill      XL: |  1  2  3 |
---------------+----------+-----
Spellcasting   | 5 |  5.4
Armour         | 1 |  1.0
Conjurations   | 2 |  2.1
Fighting       | 1 |  1.0
Dodging        | |  2.5
Stealth        | |  2.4
Summonings     | |  1.1
Translocations | |  1.1

Action                     || total
---------------------------++-------
  Melee: Dagger            ||     4
   Cast: Magic Dart        ||   108
 Armour: Leather armour    ||     1
  Dodge: Dodged            ||    18

Table legend: (Time is in decaauts)
 A = Elapsed time spent in this place.
 B = Non-inter-level travel time spent in this place.
 C = Inter-level travel time spent in this place.
 D = Time resting spent in this place.
 E = Time spent auto-exploring this place.
 F = Levels seen in this place.
 G = Mean time per level.
                   A        B        C        D        E       F      G
               +--------+--------+--------+--------+--------+-----+--------+
         Total |   1909 |   1898 |     11 |     50 |   1628 |   2 |  954.5 |
       Dungeon |   1909 |   1898 |     11 |     50 |   1628 |   2 |  954.5 |
               +--------+--------+--------+--------+--------+-----+--------+

Top non-repeatable levels by time:
     D:1: 1124 daAuts
     D:2: 784 daAuts
